 Dungeon Crawl Stone Soup version 0.30-a0-1042-gacf32f4bd3 (webtiles) character file.

Game seed: 3483829246565653051

505518 MacCMillion the Acrobat (level 23, -3/336 HPs)
             Began as a Demigod Hunter on Apr 8, 2023.
             Slain by a rockslime (26 damage)
             ... created by the Royal Jelly
             ... on level 5 of the Pits of Slime on Apr 9, 2023.
             The game lasted 02:44:24 (67976 turns).

MacCMillion the Acrobat (Demigod Hunter)           Turns: 67976, Time: 02:44:24

Health: -3/336     AC: 31    Str: 12    XL:     23   Next: 6%
Magic:  32/37      EV:  2    Int: 14    God:
Gold:   2429       SH: 20    Dex: 45    Spells: 29/34 levels left

rFire   + . .      SeeInvis .    j - +9 hand crossbow (freeze)
rCold   + . .      Faith    .    S - +0 kite shield {rC+}
rNeg    . . .      Spirit   .    K - melded +6 ring mail "Peihul" {Rampage rPois Int+3}
rPois   +          Reflect  .    t - melded +4 hat of Dithmenos's Grace {rPois Will+}
rElec   .          Rampage  .    O - melded scarf {repulsion}
rCorr   +          NoTele   +    i - melded +1 pair of gloves {Str+3}
Will    ++...                    e - melded +1 pair of boots
Stlth   +++++                    A - amulet of Vitality {RegenMP++ Regen++}
HPRegen 2.36/turn                W - ring of the Cricket {rF+ rCorr Int+3 Slay+4 Stlth+}
MPRegen 1.05/turn                a - +4 ring of slaying

@: tree-form (expiring)
A: stationary, stasis, torment immunity, boosted hp, high MP 1, forlorn, divine
attributes, (deformed body), evolution 1
}: 2/15 runes: decaying, serpentine
a: no special abilities


You were on level 5 of the Pits of Slime.
You were a tree.
You visited 10 branches of the dungeon, and saw 49 of its levels.
You visited 2 bazaars.
You also visited: Sewer, Bailey and Ice Cave.

You collected 6109 gold pieces.
You spent 3680 gold pieces at shops.

Inventory:

Hand Weapons
 d - the +8 arbalest "Transmigrator" {drain, +Blink Str+2 Dex+3}
   (You bought it in a shop in a bazaar)

   Str:       It affects your strength (+2).
   Dex:       It affects your dexterity (+3).
   +Blink:    It lets you blink.
 j - a +9 hand crossbow of freezing (weapon)
Armour
 e - a +1 pair of boots (melded)
 i - a +1 pair of gloves of strength (melded)
 t - the +4 hat of Dithmenos's Grace (melded) {rPois Will+}
   (You found it in an ice cave)

   rPois:     It protects you from poison.
   Will:      It increases your willpower.
 F - a +2 cloak
 K - the +6 ring mail "Peihul" (melded) {Rampage rPois Int+3}
   (You took it off an orc on level 6 of the Dungeon)

   Int:       It affects your intelligence (+3).
   rPois:     It protects you from poison.
   Rampage:   It bestows one free step when moving towards enemies.
 O - a scarf of repulsion (melded)
 S - a +0 kite shield of cold resistance (worn)
Jewellery
 a - a +4 ring of slaying (right branch)
 o - the ring of Need {rElec Str+4 Int+6 Dex-3 Slay+3}
   (You acquired it in a bailey)

   [ring of intelligence]

   Str:       It affects your strength (+4).
   Int:       It affects your intelligence (+6).
   Dex:       It affects your dexterity (-3).
   Slay:      It affects your accuracy & damage with ranged weapons and melee
   (+3).
   rElec:     It insulates you from electricity.
 r - a ring of see invisible
 s - the ring of Yhenatag {Will+ AC+4 Int+3 Dex+4}
   (You found it on level 2 of the Depths)

   [ring of protection]

   AC:        It affects your AC (+4).
   Int:       It affects your intelligence (+3).
   Dex:       It affects your dexterity (+4).
   Will:      It increases your willpower.
 A - the amulet of Vitality (around neck) {RegenMP++ Regen++}
   (You found it on level 4 of the Dungeon)

   [amulet of magic regeneration]

   It increases your rate of magic regeneration.
   Regen:     It increases your rate of health regeneration.
 B - a +4 ring of protection
 N - a ring of protection from cold
 W - the ring of the Cricket (left branch) {rF+ rCorr Int+3 Slay+4 Stlth+}
   (You bought it in a shop on level 2 of the Orcish Mines)

   [ring of slaying]

   Int:       It affects your intelligence (+3).
   Slay:      It affects your accuracy & damage with ranged weapons and melee
   (+4).
   rF:        It protects you from fire.
   rCorr:     It protects you from acid and corrosion.
   Stlth:     It makes you more stealthy.
 Y - a ring of magical power
Wands
 p - a wand of roots (48)
 H - a wand of digging (12)
 T - a wand of flame (26)
Scrolls
 b - 8 scrolls of immolation
 f - 10 scrolls of teleportation
 g - 2 scrolls of butterflies
 h - 6 scrolls of magic mapping
 k - 8 scrolls of vulnerability
 m - 5 scrolls of blinking
 v - a scroll of silence
 w - 8 scrolls of fear
 y - 10 scrolls of poison
 z - 6 scrolls of brand weapon
 E - 5 scrolls of enchant armour
 I - 24 scrolls of identify
 J - a scroll of torment
 R - 7 scrolls of fog
 X - 3 scrolls of enchant weapon
Potions
 c - 10 potions of mutation
 n - 8 potions of might
 u - 6 potions of brilliance
 x - 3 potions of attraction
 C - 6 potions of ambrosia
 D - 23 potions of curing
 L - 4 potions of haste
 M - 4 potions of heal wounds
 P - 4 potions of lignification
 Q - 3 potions of invisibility
 U - 7 potions of flight
 V - a potion of resistance
 Z - 7 potions of magic
Miscellaneous
 l - a lightning rod (4/4)
 q - a tin of tremorstones (2/2)
 G - a condenser vane


   Skills:
 + Level 22.4 Fighting
 - Level 18.0 Ranged Weapons
 - Level 8.5 Armour
 + Level 23.2 Dodging
 - Level 2.0 Stealth
 - Level 15.0 Shields
 - Level 6.0 Spellcasting
 - Level 11.0 Translocations


You had 29 spell levels left.
You knew the following spells:

 Your Spells              Type           Power      Damage    Failure   Level
a - Blink                 Tloc           70%        N/A       1%          2
b - Portal Projectile     Hex/Tloc       38%        N/A       9%          3

Your spell library contained the following spells:

 Spells                   Type           Power      Damage    Failure   Level
 Apportation              Tloc           70%        N/A       1%          1
 Lesser Beckoning         Tloc           70%        N/A       1%          2
 Gell's Gravitas          Tloc           35%        N/A       1%          3
 Teleport Other           Tloc           35%        N/A       1%          3
 Manifold Assault         Tloc           35%        N/A       3%          4
 Volatile Blastmotes      Fire/Tloc      38%        2d13      9%          3
 Freeze                   Ice            16%        1d4       26%         1
 Kiss of Death            Conj/Necr      16%        2d6       26%         1
 Magic Dart               Conj           16%        1d3       26%         1
 Sandblast                Erth           8%         2d5       26%         1
 Shock                    Conj/Air       16%        1d4       26%         1
 Summon Small Mammal      Summ           16%        N/A       26%         1
 Iskenderun's Mystic Bla  Conj/Tloc      19%        2d6       28%         4
 Cigotuvi's Dreadful Rot  Necr/Pois/Air  8%         N/A       38%         2
 Ensorcelled Hibernation  Hex/Ice        8%         N/A       38%         2
 Passwall                 Tmut/Erth      3%         N/A       38%         2
 Poisonous Vapours        Pois/Air       8%         N/A       38%         2
 Scorch                   Fire           8%         2d5       38%         2
 Searing Ray              Conj           8%         2d4       38%         2
 Static Discharge         Conj/Air       8%         2-3/arc   38%         2
 Wereblood                Tmut           4%         N/A       38%         2
 Dispersal                Tloc           17%        N/A       41%         6
 Call Canine Familiar     Summ           4%         N/A       63%         3
 Confusing Touch          Hex            4%         N/A       63%         3
 Dazzling Flash           Conj/Hex       8%         N/A       63%         3
 Frozen Ramparts          Ice            8%         1d2       63%         3
 Hailstorm                Conj/Ice       4%         3d4       63%         3
 Ignite Poison            Fire/Tmut/Pois 4%         N/A       63%         3
 Inner Flame              Hex/Fire       4%         N/A       63%         3
 Ozocubu's Armour         Ice            4%         N/A       63%         3
 Spider Form              Tmut/Pois      4%         N/A       63%         3
 Stone Arrow              Conj/Erth      8%         3d7       63%         3
 Summon Guardian Golem    Hex/Summ       4%         N/A       63%         3
 Swiftness                Air            4%         N/A       63%         3
 Vampiric Draining        Necr           4%         2d6       63%         3
 Airstrike                Air            2%         2d(1-17)  95%         4
 Anguish                  Hex/Necr       2%         N/A       95%         4
 Animate Dead             Necr           4%         N/A       95%         4
 Cause Fear               Hex            2%         N/A       95%         4
 Dispel Undead            Necr           4%         3d7       95%         4
 Flame Wave               Conj/Fire      4%         2d5       95%         4
 Fulminant Prism          Conj/Hex       2%         3d5       95%         4
 Ice Form                 Ice/Tmut       4%         N/A       95%         4
 Leda's Liquefaction      Hex/Erth       2%         N/A       95%         4
 Olgreb's Toxic Radiance  Pois           4%         N/A       95%         4
 Petrify                  Tmut/Erth      4%         N/A       95%         4
 Sticky Flame             Conj/Fire      4%         2d3       95%         4
 Summon Ice Beast         Ice/Summ       4%         N/A       95%         4
 Summon Lightning Spire   Summ/Air       4%         N/A       95%         4
 Agony                    Necr           4%         N/A       100%        5
 Alistair's Intoxication  Tmut/Pois      2%         N/A       100%        5
 Borgnjor's Vile Clutch   Necr/Erth      2%         N/A       100%        5
 Freezing Cloud           Conj/Ice/Air   2%         6-21      100%        5
 Iskenderun's Battlesphe  Conj           4%         2d6       100%        5
 Lee's Rapid Deconstruct  Erth           2%         3d4*      100%        5
 Metabolic Englaciation   Hex/Ice        2%         N/A       100%        5
 Summon Mana Viper        Hex/Summ       4%         N/A       100%        5
 Death Channel            Necr           2%         N/A       100%        6
 Iron Shot                Conj/Erth      2%         9d2       100%        6
 Simulacrum               Ice/Necr       2%         N/A       100%        6
 Starburst                Conj/Fire      2%         6d3       100%        6
 Statue Form              Tmut/Erth      2%         N/A       100%        6
 Enfeeble                 Hex            2%         N/A       100%        7
 Haunt                    Necr/Summ      2%         N/A       100%        7
 Malign Gateway           Summ/Tloc      9%         N/A       100%        7
 Monstrous Menagerie      Summ           2%         N/A       100%        7
 Spellforged Servitor     Conj/Summ      2%         N/A       100%        7
 Storm Form               Tmut/Air       2%         N/A       100%        7
 Disjunction              Tloc           17%        N/A       100%        8
 Ignition                 Fire           2%         3d3       100%        8
 Infestation              Necr           2%         N/A       100%        8
 Maxwell's Capacitive Co  Air            2%         ∞         100%        8
 Summon Horrible Things   Summ           2%         N/A       100%        8
 Death's Door             Necr           2%         N/A       100%        9
 Polar Vortex             Ice            2%         N/A       100%        9


Dungeon Overview and Level Annotations

Branches:
Dungeon (15/15)            Temple (0/1) D:4            Lair (5/5) D:8
  Swamp (4/4) Lair:3        Snake (4/4) Lair:3        Slime (5/5) Lair:4
    Orc (2/2) D:11            Elf (3/3) Orc:2        Vaults (4/5) D:14
  Crypt (3/3) Vaults:2       Tomb (0/3) Crypt:3      Depths (4/4) D:15
    Zot (0/5) Depths:4      Sewer (visited)          Bailey (visited)
  IceCv (visited)

Shops:
D:8 (   D:10 *   D:15 *   Orc:2 ?[*=   Elf:2 !   Elf:3 ?   Snake:3 ?*
Vaults:1 ?   Vaults:2 *[:   Depths:2 [   Depths:3 :

Portals:
Hell: Depths:1 Depths:2 Depths:3 Depths:4
Abyss: Depths:3
Pandemonium: Orc:2 Depths:1 Depths:2
Ziggurat: Depths:3

Annotations:
D:7 1 runed translucent door, Crazy Yiuf
D:14 3 runed translucent doors, FlurksSlurper's ghost, journeyman DsGl
Lair:3 3 runed translucent doors, MrShunz's ghost, journeyman MiBe
Snake:1 1 runed translucent door, fly's ghost, adept DgDe
Snake:3 1 runed translucent door, Nim Genk's ghost, adept DgEE
Orc:2 3 runed translucent doors, Ijustatesigmund's ghost, journeyman HOFi; choppaz's ghost, journeyman HOFi
Elf:2 5 runed translucent doors
Depths:2 36 runed doors
Depths:3 2 exclusions


Innate Abilities, Weirdness & Mutations

You are a tree.
Your roots penetrate the ground, keeping you stationary.
You cannot be teleported.
You are immune to unholy pain and torment.
Your maximum health is greatly increased.
Your equipment is partially melded.
You have an increased reservoir of magic. (+10% MP)
You shall have no god before yourself.
Your divine heritage dramatically boosts your attributes as you level up.
((Armour fits poorly on your strangely shaped body.))
You have hidden genetic potential.


Message History

You are engulfed in blazing flames.
You resist.
Your transformation is almost over.
The rockslime is engulfed in blazing flames.
The rockslime hits you but does no damage.
The rockslime is engulfed in blazing flames.
You block the rockslime's attack.
The rockslime is engulfed in blazing flames.
You block the rockslime's attack.
You feel much better.
You are engulfed in blazing flames.
You resist. You block the rockslime's attack. x2
The rockslime is engulfed in blazing flames.
The rockslime hits you!!
* * * LOW HITPOINT WARNING * * *
The rockslime completely misses you. The rockslime hits you!
* * * LOW HITPOINT WARNING * * *
Fire: j) +9 hand crossbow (freeze)
Press: ? - help, Q - select action, (/) - cycle Shift-Dir - straight line, f/p - rockslime
Aim: a rockslime (flame, lightly wounded, 95% to hit)
You shoot a bolt. The bolt hits the rockslime.
The bolt freezes the rockslime.
The rockslime is lightly wounded.
The rockslime hits you!!
* * * LOW HITPOINT WARNING * * *
The rockslime hits you!!
* * * LOW HITPOINT WARNING * * *
You block the rockslime's attack.
Unknown command.
You feel much better. The rockslime hits you!!
* * * LOW HITPOINT WARNING * * *
The rockslime hits you!
* * * LOW HITPOINT WARNING * * *
You block the rockslime's attack. The rockslime hits you!
* * * LOW HITPOINT WARNING * * *
Unknown command.
You feel much better.
The rockslime hits you but does no damage. x2
The rockslime hits you!!
* * * LOW HITPOINT WARNING * * *
Unknown command.
You feel much better. The rockslime hits you!!
You die...

##.........
###..........
##............
##.............
###..............
#......§☼°.......
#......§§.J......
#........♣J......
#........JJ......
###........°.......
##.........§☼......#
##..................#
#..................##
#.................##
##................##
###.................#


You could see an acid blob and 3 rockslimes.

Vanquished Creatures
  the Royal Jelly (Slime:5)
  An ancient lich (Crypt:3)
  Mennas (Depths:3)
  Sojobo (Vaults:2)
  Vashnia (Snake:2)
  A golden dragon (Depths:3)
  Nikola (Depths:2)
  3 bone dragons
  2 walking crystal tomes
  5 liches
  Mlioglotl (Snake:2)
  4 titans
  2 tentacled monstrosities
  12 acid blobs
  2 deep elf blademasters (Elf:3)
  2 deep elf master archers (Elf:3)
  4 ancient champions (Crypt:3)
  6 sphinxes
  Gastronok (D:10)
  3 storm dragons
  2 shadow dragons
  Roxanne (Swamp:1)
  A thorn hunter (Swamp:4)
  8 tengu reavers
  8 rockslimes
  Donald (Crypt:2)
  5 revenants
  3 azure jellies
  6 nagarajas (Snake:4)
  7 fire giants
  A frost giant (Depths:2)
  13 vault wardens
  5 deep elf sorcerers
  5 curse skulls
  6 deep elf elementalists
  A draconian scorcher (Depths:4)
  7 ghouls
  An orc warlord (Vaults:3)
  4 reapers
  A draconian stormcaller (Depths:4)
  3 spriggan defenders
  7 stone giants
  6 ironbound thunderhulks
  13 quicksilver oozes
  3 juggernaut skeletons (Crypt:3)
  A war gargoyle (Vaults:3)
  21 ironbound preservers
  8 vampire knights
  39 very ugly things
  2 deep elf demonologists
  2 yellow draconians (Depths:4)
  A white draconian (Depths:4)
  5 eleionomae
  2 deep elf annihilators (Elf:3)
  5 bunyips
  4 spark wasps
  14 dire elephants
  A red draconian (Depths:4)
  5 deep elf death magi
  Azrael (D:13)
  2 ettins
  4 eidola
  A merfolk javelineer (Depths:4)
  13 jiangshi
  A green death (Depths:2)
  6 fire dragons
  Snorg (Lair:3)
  3 deep elf high priests (Elf:3)
  3 shambling mangroves
  A merfolk impaler (Depths:4)
  A quicksilver dragon zombie (Crypt:3)
  An entropy weaver (Vaults:2)
  Josephine (Swamp:1)
  6 great orbs of eyes
  10 ice dragons
  15 vault guards
  A spriggan zombie (Crypt:1)
  2 salamander tyrants
  3 rakshasas
  7 yaktaur captains
  An ogre mage (D:15)
  5 spriggan air magi
  9 anacondas
  6 caustic shrike simulacra (IceCv)
  2 spriggan skeletons (Crypt:3)
  A quicksilver dragon skeleton (Crypt:3)
  7 centaur warriors
  2 ghost crabs (Swamp:3)
  28 hydras
  3 demonspawn (Orc:2)
  10 ironbound frosthearts
  3 death knights
  4 two-headed ogres
  13 alligators
  13 dancing weapons
  2 boulder beetles
  12 naga warriors
  6 deep troll shamans
  A hell hog (Depths:4)
  Urug (D:11)
  7 deep troll earth magi
  5 orc high priests
  A spriggan berserker (Depths:3)
  3 tengu warriors
  7 vampire magi
  18 naga sharpshooters
  13 deep elf knights
  A sun demon (Depths:2)
  A titan skeleton (Crypt:3)
  2 soul eaters
  5 hell knights (Depths:4)
  6 shock serpents
  10 spriggans
  3 skysharks
  4 salamander mystics
  A sixfirhy (Depths:2)
  51 skeletal warriors
  5 iron trolls
  A spark wasp zombie (Crypt:1)
  4 goliath frogs
  A death drake (Swamp:4)
  6 naga ritualists
  2 spriggan druids
  9 bog bodies
  10 swamp dragons
  Lodul (D:11)
  62 deep trolls
  A glowing orange brain (Depths:3)
  An iron giant skeleton (Crypt:3)
  6 wizards
  2 flayed ghosts
  A bunyip skeleton (Crypt:3)
  3 anaconda skeletons
  8 phantasmal warriors
  9 deep elf archers
  A golden dragon skeleton (Crypt:1)
  8 ironbound convokers
  11 lindwurms
  16 orc knights
  4 harpies (Vaults:1)
  2 obsidian statues (IceCv)
  27 deep elf pyromancers
  6 necromancers
  12 orc sorcerers
  47 ugly things
  8 mana vipers
  27 deep elf zephyrmancers
  A shining eye (Slime:5)
  11 salamanders
  A wolf spider (D:15)
  A fire giant zombie (Vaults:2)
  3 cyclopes
  A will-o-the-wisp (Swamp:4)
  A shadow dragon skeleton (Crypt:1)
  10 manticores
  39 black mambas
  5 elephants (Lair:2)
  3 guardian serpents
  An eye of devastation (Slime:3)
  A centaur zombie (Crypt:1)
  A stone giant skeleton (Crypt:3)
  Joseph (D:10)
  A torpor snail (Lair:2)
  8 vault sentinels
  17 naga magi
  A draconian skeleton (Crypt:3)
  A smoke demon (Depths:4)
  8 gargoyles
  2 centaur skeletons (Crypt:3)
  An orange demon (Depths:2)
  17 cane toads
  Maggie (D:8)
  An unseen horror (D:11)
  Psyche (D:12)
  An alligator snapping turtle skeleton (Crypt:3)
  A steelbarb worm zombie (Crypt:1)
  3 dire elephant skeletons
  36 yaktaurs
  A white draconian skeleton (Crypt:2)
  5 kobold demonologists
  A rime drake (Lair:3)
  8 komodo dragons
  A white draconian zombie (Crypt:2)
  13 freezing wraiths
  3 tengu conjurers
  2 ice devils
  A golden dragon simulacrum (IceCv)
  A queen bee (D:14)
  A bloated husk (Swamp:3)
  6 meliai
  A hellwing (Orc:2)
  4 polar bears
  9 trolls
  8 tyrant leeches
  13 hornets
  10 dream sheep
  A culicivora zombie (Crypt:2)
  An alligator zombie (Crypt:3)
  A satyr zombie (Crypt:2)
  12 blink frogs (Lair:5)
  A meliai zombie (Crypt:2)
  A jumping spider (Vaults:2)
  A human simulacrum (Vaults:2)
  97 slime creatures
  A stone giant simulacrum (Crypt:1)
  5 ettin skeletons
  A culicivora (shapeshifter) (Elf:3)
  9 flying skulls (Crypt:3)
  9 water elementals
  An air elemental (Elf:1)
  6 wyverns
  A shadow (D:12)
  12 wraiths
  A dire elephant simulacrum (IceCv)
  4 basilisks
  An ice dragon skeleton (Crypt:1)
  2 fire elementals (Elf:1)
  47 yaks
  A basilisk (shapeshifter) (D:15)
  A black mamba skeleton (Crypt:3)
  2 redbacks (Vaults:2)
  A steam dragon (D:7)
  15 swamp worms
  A minotaur simulacrum (IceCv)
  An acid dragon (D:12)
  35 nagas
  5 wargs
  9 vampire mosquitoes
  A glowing shapeshifter zombie (Crypt:3)
  3 hydra simulacra (IceCv)
  8 water moccasins
  A water nymph zombie (Crypt:3)
  A demonspawn skeleton (Crypt:1)
  7 hell hounds
  2 naga skeletons (Crypt:3)
  40 orc warriors
  13 swamp drakes (Swamp:4)
  3 black bears
  An ice beast (D:7)
  A black mamba simulacrum (Crypt:2)
  2 ettin simulacra (IceCv)
  17 ogres
  15 wolves
  10 centaurs
  3 boggarts (Vaults:1)
  2 phantoms
  3 kobold brigands
  10 bullfrogs
  3 necrophages
  3 earth elementals
  A gnoll sergeant (D:11)
  2 deep troll simulacra (IceCv)
  5 scorpions
  10 wights
  31 killer bees
  A shapeshifter skeleton (Crypt:3)
  7 howler monkeys
  12 electric eels
  2 jellies
  4 hounds
  37 orc priests
  A black bear zombie (Crypt:1)
  A gnoll bouda (Orc:2)
  A hell rat (Elf:3)
  5 iguanas
  3 sleepcaps
  19 orc wizards
  A killer bee zombie (Crypt:2)
  A tengu zombie (Crypt:3)
  A hound skeleton (Crypt:2)
  15 gnolls
  5 river rats
  12 adders
  5 dart slugs
  80 orcs
  5 endoplasms
  9 giant cockroaches
  12 goblins
  9 hobgoblins
  7 jackals
  21 kobolds
  7 quokkas
  18 ball pythons
  A ball python skeleton (Crypt:3)
  15 bats
  7 frilled lizards
  A kobold zombie (Crypt:1)
  9 rats (D:1)
2019 creatures vanquished.

Vanquished Creatures (others)
  A spriggan berserker (Swamp:4)
  53 fungi
  80 plants
  8 withered plants
142 creatures vanquished.

Grand Total: 2161 creatures vanquished

Notes
Turn   | Place    | Note
-------+----------+-------------------------------------------
     0 | D:1      | MacCMillion the Demigod Hunter began the quest for the Orb.
     0 | D:1      | Reached XP level 1. HP: 17/17 MP: 3/3
    86 | D:1      | Reached skill level 1 in Stealth
   216 | D:1      | Reached XP level 2. HP: 24/24 MP: 4/4
  1034 | D:2      | Reached XP level 3. HP: 29/29 MP: 5/5
  1688 | D:3      | Reached XP level 4. HP: 36/36 MP: 6/6
  1731 | D:3      | Reached skill level 5 in Ranged Weapons
  1835 | D:3      | Found the +7 Throatcutter {drain, coup de grace}
  1835 | D:3      | Noticed a kobold brigand
  2114 | D:3      | Found a glowing drain.
  2144 | Sewer    | Entered a sewer
  2485 | Sewer    | Reached XP level 5. HP: 41/41 MP: 7/7
  3388 | D:3      | Reached XP level 6. HP: 48/48 MP: 8/8
  4421 | D:4      | Reached XP level 7. HP: 53/53 MP: 9/9
  4531 | D:4      | Found the amulet of Vitality {RegenMP++ Regen++}
  4540 | D:4      | Found a staircase to the Ecumenical Temple.
  4859 | D:5      | Entered Level 5 of the Dungeon
  5833 | D:5      | Reached XP level 8. HP: 60/60 MP: 10/10
  5903 | D:5      | Reached skill level 10 in Ranged Weapons
  6013 | D:6      | Reached skill level 2 in Dodging
  6132 | D:6      | Reached skill level 3 in Dodging
  6142 | D:6      | Identified the +6 ring mail "Peihul" {Rampage rPois Int+3}
  7158 | D:7      | Identified the +1 leather armour of Truth {Dex+3}
  7882 | D:7      | Reached XP level 9. HP: 71/71 MP: 11/11
  8008 | D:7      | Noticed a gargoyle
  8011 | D:7      | Reached skill level 4 in Dodging
  8018 | D:7      | Killed a gargoyle
  8019 | D:7      | Reached skill level 1 in Armour
  8207 | D:7      | Noticed a gargoyle
  8229 | D:7      | Killed a gargoyle
  8413 | D:7      | Noticed a gargoyle
  8982 | D:7      | Noticed a gargoyle
  8983 | D:7      | Killed a gargoyle
  9428 | D:7      | Killed a gargoyle
  9429 | D:7      | Reached skill level 5 in Fighting
  9429 | D:7      | Reached skill level 5 in Dodging
  9460 | D:7      | Found a runed translucent door.
  9461 | D:7      | Noticed Crazy Yiuf
  9706 | D:8      | Found a flagged portal.
  9712 | D:8      | Found a staircase to the Lair.
  9717 | Bailey   | Entered a bailey
  9948 | Bailey   | Noticed an orc knight
  9992 | Bailey   | Killed an orc knight
  9993 | Bailey   | Reached XP level 10. HP: 81/81 MP: 13/13
 10855 | Bailey   | Acquired the ring of Need {rElec Str+4 Int+6 Dex-3 Slay+3}
 10857 | Bailey   | Acquired the +6 arbalest of Exquisite Torment {drain, rF+}
 10858 | Bailey   | Acquired a manual of Dodging
 11466 | Bailey   | Identified the +5 dagger of Brutal Revenge {freeze, *Noise
                  | *Slow rElec rPois}
 11466 | Bailey   | Noticed a rust devil
 11469 | Bailey   | Noticed an orc sorcerer
 11473 | Bailey   | Noticed a smoke demon
 11478 | Bailey   | Killed an orc sorcerer
 11479 | Bailey   | Reached skill level 6 in Dodging
 11829 | D:8      | Found Ycuge's Weapon Shop.
 11909 | D:8      | Noticed Maggie
 11913 | D:8      | Killed Maggie
 12492 | D:9      | Reached skill level 7 in Dodging
 13161 | D:9      | Reached XP level 11. HP: 91/91 MP: 14/14
 13375 | D:10     | Entered Level 10 of the Dungeon
 13381 | D:10     | Reached skill level 8 in Dodging
 13623 | D:10     | Noticed Gastronok
 13631 | D:10     | Killed Gastronok
 13740 | D:10     | Found Deekh's Lightly-Used Armoury.
 13839 | D:10     | Noticed Joseph
 13846 | D:10     | Killed Joseph
 14122 | D:10     | Reached skill level 9 in Dodging
 14138 | D:10     | Identified the +1 mace of Eladaocs {flame, *Rage rF+ Dex+3
                  | SInv}
 14184 | D:10     | Noticed a two-headed ogre
 14197 | D:10     | Killed a two-headed ogre
 15300 | D:11     | You fall into a shaft and drop 1 floor!
 15372 | D:11     | Noticed Urug
 15381 | D:11     | Killed Urug
 15692 | D:11     | Noticed Lodul
 15721 | D:11     | Killed Lodul
 15728 | D:11     | Reached skill level 10 in Dodging
 16105 | D:11     | Found a staircase to the Orcish Mines.
 17504 | Lair:1   | Entered Level 1 of the Lair of Beasts
 17926 | Lair:1   | Reached XP level 12. HP: 103/103 MP: 15/15
 17951 | Lair:1   | Noticed an eight-headed hydra
 17955 | Lair:1   | Killed an eight-headed hydra
 18191 | Lair:1   | Reached skill level 15 in Ranged Weapons
 18444 | Lair:2   | You fall into a shaft and drop 1 floor!
 18735 | Lair:3   | Found a runed translucent gate.
 18736 | Lair:3   | Found a runed translucent gate.
 18737 | Lair:3   | Found a runed translucent gate.
 18805 | Lair:3   | Found a staircase to the Snake Pit.
 18884 | Lair:3   | Found a staircase to the Swamp.
 19297 | Lair:3   | Noticed MrShunz's ghost (journeyman MiBe)
 19379 | Lair:2   | Reached skill level 11 in Dodging
 19706 | Lair:2   | Reached skill level 10 in Fighting
 20185 | Lair:4   | Noticed a boulder beetle
 20190 | Lair:4   | HP: 4/106 [boulder beetle (102)]
 20191 | Lair:4   | Killed a boulder beetle
 20192 | Lair:4   | Noticed Snorg
 20535 | Lair:3   | Killed Snorg
 20536 | Lair:3   | Reached skill level 12 in Dodging
 20536 | Lair:3   | Reached XP level 13. HP: 113/113 MP: 16/16
 20584 | Lair:3   | Found a runed translucent gate.
 20584 | Lair:3   | Found a runed translucent gate.
 20584 | Lair:3   | Found a runed translucent gate.
 20769 | Lair:3   | Found a staircase to the Snake Pit.
 20809 | Lair:3   | Found a staircase to the Swamp.
 21518 | Lair:4   | Found a staircase to the Slime Pits.
 22122 | Lair:5   | Entered Level 5 of the Lair of Beasts
 23016 | Lair:5   | Reached skill level 13 in Dodging
 23858 | Orc:1    | Entered Level 1 of the Orcish Mines
 23930 | Orc:2    | Entered Level 2 of the Orcish Mines
 23930 | Orc:2    | Found a staircase to the Elven Halls.
 24386 | Orc:2    | Found a runed translucent gate.
 24387 | Orc:2    | Found a runed translucent gate.
 24387 | Orc:2    | Found a runed translucent gate.
 24414 | Orc:2    | Noticed choppaz's ghost (journeyman HOFi)
 24414 | Orc:2    | Noticed Ijustatesigmund's ghost (journeyman HOFi)
 24770 | Orc:2    | Learned a level 2 spell: Blink
 25173 | Orc:2    | Found Pypa's Magic Scroll Shop.
 25199 | Orc:2    | Found Toeboic's General Store.
 25386 | Orc:2    | Reached XP level 14. HP: 124/124 MP: 17/17
 26346 | Orc:2    | Reached skill level 1 in Translocations
 26365 | Orc:2    | Found Jeiji's Antique Armour Shoppe.
 26365 | Orc:2    | Found Teor Lal's Jewellery Emporium.
 26366 | Orc:2    | Found a one-way gate leading to the halls of Pandemonium.
 26578 | D:12     | Noticed Psyche
 26582 | D:12     | Killed Psyche
 27634 | D:13     | Reached skill level 5 in Translocations
 28277 | D:13     | Identified the +8 broad axe of Wyryifit {pain, Str-3 Int+5}
 29118 | D:14     | Found a runed translucent gate.
 29119 | D:14     | Found a runed translucent gate.
 29120 | D:14     | Found a runed translucent gate.
 29121 | D:14     | Noticed FlurksSlurper's ghost (journeyman DsGl)
 29310 | D:14     | Found a gate to the Vaults.
 29659 | D:14     | Noticed Azrael
 29670 | D:13     | Killed Azrael
 30149 | Orc:2    | Bought the ring of the Cricket {rF+ rCorr Int+3 Slay+4
                  | Stlth+} for 1884 gold pieces
 30308 | D:15     | Entered Level 15 of the Dungeon
 30699 | D:15     | Found a staircase to the Depths.
 30954 | D:15     | Reached skill level 14 in Dodging
 31161 | D:15     | Reached XP level 15. HP: 134/134 MP: 18/18
 31201 | D:15     | Found Pol Po Yhu's Pet Rocks.
 31720 | Snake:1  | Entered Level 1 of the Snake Pit
 32537 | Snake:1  | Found a runed translucent door.
 32540 | Snake:1  | Noticed fly's ghost (adept DgDe)
 33362 | Snake:2  | Reached skill level 15 in Dodging
 33715 | Snake:2  | Noticed Mlioglotl
 33955 | Snake:2  | Noticed Vashnia
 33998 | Snake:2  | Killed Vashnia
 34000 | Snake:2  | Reached skill level 1 in Spellcasting
 34413 | Snake:2  | Killed Mlioglotl
 34855 | Snake:3  | Found a flickering gateway to a bazaar.
 34859 | Snake:3  | Found a runed translucent door.
 34860 | Snake:3  | Found Byot's Magic Scroll Emporium.
 34860 | Snake:3  | Noticed Nim Genk's ghost (adept DgEE)
 34876 | Bazaar   | Entered a bazaar
 34884 | Bazaar   | Found Tapam's Jewellery Shop.
 34896 | Bazaar   | Found Zydon's Antique Armour Shop.
 34931 | Bazaar   | Bought a pair of runed gloves for 120 gold pieces
 34931 | Bazaar   | Bought a glowing helmet for 120 gold pieces
 35012 | Snake:3  | Found Vinivokh's Assorted Antiques.
 35020 | Snake:3  | Bought 3 scrolls of teleportation for 360 gold pieces
 35692 | Snake:3  | Got the Volume of the Overcast Lithosphere
 35838 | Snake:4  | Entered Level 4 of the Snake Pit
 35874 | Snake:4  | Learned a level 3 spell: Portal Projectile
 35955 | Snake:4  | Noticed a nagaraja
 35958 | Snake:4  | Killed a nagaraja
 36108 | Snake:4  | Reached XP level 16. HP: 127/146 MP: 25/25
 36681 | Snake:4  | Reached skill level 5 in Armour
 37095 | Snake:3  | Found Byot's Magic Scroll Emporium.
 37180 | Snake:3  | Found Vinivokh's Assorted Antiques.
 37860 | Snake:4  | Reached skill level 16 in Dodging
 37956 | Snake:4  | Got a serpentine rune of Zot
 38158 | Swamp:1  | Entered Level 1 of the Swamp
 38723 | Swamp:1  | Noticed Josephine
 38759 | Swamp:1  | Killed Josephine
 38840 | Swamp:1  | Noticed Roxanne
 38855 | Swamp:1  | Killed Roxanne
 38871 | Swamp:1  | Reached skill level 15 in Fighting
 38904 | Swamp:1  | Got the Vademecum on the Curse and Evolution
 39362 | Swamp:2  | Identified the +2 long sword of Untruth {vamp, rCorr Str-4
                  | Int+7}
 40414 | Swamp:3  | Reached XP level 17. HP: 156/156 MP: 27/27
 40510 | Swamp:3  | Reached skill level 17 in Dodging
 40862 | Swamp:4  | Entered Level 4 of the Swamp
 40903 | Swamp:4  | Noticed a tentacled monstrosity
 40908 | Swamp:4  | Killed a tentacled monstrosity
 42400 | Swamp:4  | Got a decaying rune of Zot
 42764 | Elf:1    | Entered Level 1 of the Elven Halls
 43162 | Elf:1    | Reached skill level 18 in Dodging
 44641 | Elf:2    | Found Yduyrism's Distillery.
 44850 | Elf:2    | Found a huge runed translucent gate.
 44850 | Elf:2    | Found a huge runed translucent gate.
 44852 | Elf:2    | Reached XP level 18. HP: 170/170 MP: 28/28
 44852 | Elf:2    | Found a huge runed translucent gate.
 44853 | Elf:2    | Found a huge runed translucent gate.
 44855 | Elf:2    | Found a huge runed translucent gate.
 45063 | Elf:3    | Entered Level 3 of the Elven Halls
 45253 | Elf:3    | Found a frozen archway.
 45267 | IceCv    | Entered an ice cave
 45570 | IceCv    | Reached skill level 19 in Dodging
 45778 | IceCv    | Identified the +4 hat of Dithmenos's Grace {rPois Will+}
 45944 | IceCv    | Got the Elucidation of the Winter
 46122 | Elf:3    | Reached skill level 1 in Shields
 46312 | Elf:3    | Found Sulo's Magic Scroll Shop.
 47044 | Elf:3    | Reached skill level 5 in Shields
 47368 | Elf:3    | Identified the +7 halberd "Xatwumod" {freeze, Int+5}
 47484 | Elf:3    | Identified the +5 mace of Hubris {flame, Contam Fly Int+3
                  | Stlth+}
 47679 | Elf:3    | Identified the staff of conjuration "Xesexie" {rF+ Str+5}
 47685 | Elf:3    | Identified the +3 short sword of Equilibrium {pain, rCorr}
 47687 | Elf:3    | Identified the staff of death "Zemuoruc" {rElec rPois rN+
                  | SInv}
 47691 | Elf:3    | Got Xiadu's Opusculum on the Combustive Atmosphere
 47696 | Elf:3    | Identified the staff of air "Ziozat" {rElec rC+}
 47782 | Elf:3    | Identified the staff of air "Isar" {rElec Will+++ Str+6
                  | Int-5}
 48052 | Vaults:1 | Entered Level 1 of the Vaults
 48363 | Vaults:1 | Found Atwoigupaa's Magic Scroll Shop.
 49476 | Vaults:2 | Found Omasuif's Antique Armour Shoppe.
 49479 | Vaults:2 | Bought a runed cloak for 240 gold pieces
 49500 | Vaults:2 | Reached skill level 10 in Shields
 49500 | Vaults:2 | Reached XP level 19. HP: 179/179 MP: 29/29
 49771 | Vaults:2 | Found Canec's Book Shoppe.
 49776 | Vaults:2 | Found a flickering gateway to a bazaar.
 49795 | Bazaar   | Entered a bazaar
 49809 | Bazaar   | Found Ocyunk's Antique Armour Emporium.
 49825 | Bazaar   | Found Qutiug's Distillery.
 49841 | Bazaar   | Found Zarips's Jewellery Emporium.
 49841 | Bazaar   | Found Qeqir's Antique Weapon Shoppe.
 49852 | Bazaar   | Bought a jewelled arbalest for 237 gold pieces
 49852 | Bazaar   | Identified the +8 arbalest "Transmigrator" {drain, +Blink
                  | Str+2 Dex+3} (You bought it in a shop in a bazaar)
 49863 | Bazaar   | Found Qocubeuhe's General Store.
 49942 | Bazaar   | Bought a pair of embroidered gloves for 247 gold pieces
 49942 | Bazaar   | Bought a pair of runed boots for 247 gold pieces
 50032 | Vaults:2 | Noticed Sojobo
 50354 | Vaults:2 | Killed Sojobo
 50910 | Vaults:2 | Found Qithrul's Assorted Antiques.
 51200 | Vaults:2 | You fall into a shaft and drop 1 floor!
 51591 | Vaults:3 | Identified the +10 war axe of Crusades {vamp, rF+ rC- rN+
                  | Dex+3}
 52089 | Vaults:3 | Reached XP level 20. HP: 185/187 MP: 30/30
 52674 | Vaults:4 | Reached skill level 15 in Shields
 53590 | Vaults:4 | Reached skill level 5 in Spellcasting
 53926 | Depths:1 | Entered Level 1 of the Depths
 54333 | Depths:1 | Found a gateway to Hell.
 54790 | Depths:2 | Found a huge runed gate.
 54790 | Depths:2 | Found a huge runed gate.
 54790 | Depths:2 | Found a huge runed gate.
 54790 | Depths:2 | Found a huge runed gate.
 54790 | Depths:2 | Found a huge runed gate.
 54790 | Depths:2 | Found a huge runed gate.
 54793 | Depths:2 | Noticed Nikola
 54871 | Depths:2 | Killed Nikola
 54872 | Depths:2 | Reached skill level 10 in Translocations
 54940 | Depths:2 | Found a huge runed gate.
 54958 | Depths:2 | Found a huge runed gate.
 55091 | Depths:2 | Identified the +5 long sword of the Fray {elec, Fragile rN+
                  | Str+8 Dex+2}
 55209 | Depths:2 | Identified the ring of Yhenatag {Will+ AC+4 Int+3 Dex+4}
 55213 | Depths:2 | Got the Secrets of the Icicle and Translocation
 55248 | Depths:2 | Found Fuenir's Armour Shoppe.
 55534 | Depths:2 | Found a huge runed gate.
 55534 | Depths:2 | Found a huge runed gate.
 55534 | Depths:2 | Found a huge runed gate.
 55539 | Depths:2 | Found a huge runed gate.
 55539 | Depths:2 | Found a huge runed gate.
 55539 | Depths:2 | Found a huge runed gate.
 55539 | Depths:2 | Found a huge runed gate.
 55539 | Depths:2 | Found a huge runed gate.
 55540 | Depths:2 | Found a huge runed gate.
 55541 | Depths:2 | Found a huge runed gate.
 55542 | Depths:2 | Found a huge runed gate.
 55543 | Depths:2 | Found a huge runed gate.
 55551 | Depths:2 | Found a huge runed gate.
 55551 | Depths:2 | Found a huge runed gate.
 55551 | Depths:2 | Found a huge runed gate.
 55551 | Depths:2 | Found a huge runed gate.
 55551 | Depths:2 | Found a huge runed gate.
 55551 | Depths:2 | Found a huge runed gate.
 55552 | Depths:2 | Found a huge runed gate.
 55605 | Depths:2 | Found a huge runed gate.
 55605 | Depths:2 | Found a huge runed gate.
 55625 | Depths:2 | Found a huge runed gate.
 55626 | Depths:2 | Found a huge runed gate.
 55627 | Depths:2 | Found a huge runed gate.
 55628 | Depths:2 | Found a huge runed gate.
 55629 | Depths:2 | Found a huge runed gate.
 55633 | Depths:2 | Found a huge runed gate.
 55635 | Depths:2 | Found a huge runed gate.
 55926 | Depths:3 | Noticed Mennas
 55941 | Depths:3 | Noticed a golden dragon
 55990 | Depths:3 | Killed a golden dragon
 55996 | Depths:3 | Reached XP level 21. HP: 119/196 MP: 35/35
 56005 | Depths:3 | Reached skill level 20 in Dodging
 56043 | Depths:3 | Found a one-way gateway to a ziggurat.
 56244 | Depths:3 | Killed Mennas
 56433 | Depths:3 | Found Hetsinos's Book Boutique.
 56488 | Depths:3 | Found the +6 Majin-Bo {spellvamp, MP+6 Int+6}
 56548 | Depths:3 | Found a one-way gate to the infinite horrors of the Abyss.
 56790 | Depths:3 | Got Huize's Handbook of Ill Luck and Intoxication
 57161 | Depths:4 | Entered Level 4 of the Depths
 58283 | Depths:4 | Reached skill level 21 in Dodging
 58519 | Depths:4 | Found a gate to the Realm of Zot.
 59618 | Vaults:2 | Found a staircase to the Crypt.
 59884 | Vaults:2 | Bought a scroll of blinking for 225 gold pieces
 59957 | Crypt:1  | Entered Level 1 of the Crypt
 60450 | Crypt:1  | Paralysed by something for 2 turns
 60452 | Crypt:1  | HP: 10/202 [something (13)]
 61174 | Crypt:1  | Reached XP level 22. HP: 151/198 MP: 36/36
 61690 | Crypt:2  | Noticed Donald
 61693 | Crypt:2  | Killed Donald
 62717 | Crypt:3  | Entered Level 3 of the Crypt
 62819 | Crypt:3  | Reached skill level 22 in Dodging
 63724 | Crypt:3  | Found a staircase to the Tomb.
 64390 | Crypt:3  | Noticed an ancient lich
 64404 | Crypt:3  | Killed an ancient lich
 64438 | Crypt:3  | Got the Vellum of Limned Electricity
 64685 | Crypt:3  | Gained mutation: Armour fits poorly on your strangely
                  | shaped body. [mutagenic glow]
 64696 | Crypt:3  | Gained mutation: You have hidden genetic potential.
                  | [mutagenic glow]
 64709 | Crypt:3  | Got Cigotuvi's Anthology of the Cemetery
 65153 | Slime:1  | Entered Level 1 of the Pits of Slime
 65599 | Lair:4   | Found a staircase to the Slime Pits.
 66976 | Slime:2  | Reached skill level 23 in Dodging
 67901 | Slime:5  | Entered Level 5 of the Pits of Slime
 67914 | Slime:5  | Reached XP level 23. HP: 224/224 MP: 37/37
 67951 | Slime:5  | Noticed the Royal Jelly
 67967 | Slime:5  | Killed the Royal Jelly
 67974 | Slime:5  | HP: 4/336 [rockslime[the Royal Jelly] (15)]
 67976 | Slime:5  | Slain by a rockslime

Illustrated notes

Levels and vault maps discovered:
D:1:      psy_arrival_basics, layout_basic, kennysheep_flooded_box,
          minmay_rat_gold_closets
D:2:      layout_basic
D:3:      layout_basic, portal_sewer_entry_e, dilly_guarded_unrand_throatcut
D:4:      layout_basic, minmay_temple_entry_stoned_glass, minmay_misc_feat_room
D:5:      layout_layer_cave, minmay_misc_feat_plants
D:6:      layout_layer_cave, xom_teletrap_fun
D:7:      cheibrodos_statue_roulette, layout_gridville, uniq_crazy_yiuf_cottage
D:8:      layout_basic, grunt_temple_overflow_opulence,
          mainiacjoe_overflow_cross_hatched, evilmike_ruin_ashenzari,
          lair_entry_dummy, serial_shops, shop, enter_bailey_2, uniq_maggie
D:9:      nicolae_BIG_FREAKIN_CUBE, layout_loops_cross
D:10:     layout_layer_cave, grunt_temple_overflow_open, nicolae_eternal_life,
          corner_web_ring, columned_hall_lemuel, serial_bayou_lagoon_a,
          minmay_shop_damaged, uniq_gastronok, uniq_joseph
D:11:     layout_roguey, david_orc_5, uniq_lodul, uniq_urug
D:12:     layout_rooms, chequers_serial_rivers_room_b, uniq_psyche
D:13:     layout_long_grid, chequers_big_river
D:14:     layout_cave_pools, erik_vaults_2, gammafunk_ghost_fury_of_okawaru,
          special_room [special_room_bee], uniq_azrael
D:15:     hangedman_depths_entry_try_elsewhere_first, layout_loops_corners,
          abandoned_shop, guppyfry_shop_earth
Lair:1:   layout_regular_city, dreamdust_deal_with_the_devil, grunt_megastairs_4
Lair:2:   layout_regular_city, basic_altar, enter_volcano_1,
          beast_lair_carwin_10, infiniplex_staircase_pool_2
Lair:3:   layout_cellular_growth, nicolae_swamp_entry_splash_gauntlet,
          dummy_snake_entry, gammafunk_ghost_icy
Lair:4:   layout_regular_city, dpeg_slime_entry_enclosed, uniq_snorg
Lair:5:   minmay_lair_end_frog_pond, layout_regular_city
Swamp:1:  layout_basic_swamp, nicolae_swamp_bean_lake, uniq_roxanne,
          uniq_josephine
Swamp:2:  layout_basic_swamp, serial_swamp_ruin, hangedman_swamp_ruin_wall,
          evilmike_swamp_ruin_house_4, evilmike_swamp_ruin_house_3
Swamp:3:  layout_falls_marsh, nicolae_swamp_fairy_circle
Swamp:4:  swamp_basic_johnstein, layout_basic_swamp, swamp_pool1,
          nicolae_swamp_drake_lake
Snake:1:  layout_gridlike, ebering_ghost_reflecting_pool, grunt_ministairs_12,
          serial_bayou_shore_b, nicolae_integral_box
Snake:2:  layout_honeycomb, uniq_vashnia, uniq_mlioglotl
Snake:3:  layout_misc_corridors, ebering_ghost_xom, serial_shops,
          bzr_entry_islet, shop, nicolae_shop_overgrown_old_shop,
          nicolae_snake_double_loop, grunt_megastairs_1
Snake:4:  snake_pit, layout_rooms
Slime:1:  layout_caves
Slime:2:  layout_caves
Slime:3:  layout_caves
Slime:4:  layout_caves, nicolae_slime_crime_time
Slime:5
Orc:1:    layout_diamond_mine
Orc:2:    pf_orc_diabolical, layout_caves, gammafunk_ghost_cemetery
Elf:1:    nicolae_elf_arrival_aired_out, layout_loops_corners,
          evilmike_minifort, grunt_ministairs_15, lemuel_upstairs_altar
Elf:2:    elven_hall_of_blades_hangedman_alternative
          [nicolae_blade_entry_crossed_weapons], layout_loops_cross,
          serial_shops, shop
Elf:3:    elf_hall_gauntlet_narrow, layout_geoelf_castle, special_room
          [special_room_mythical_zoo], serial_shops, nicolae_shop_hallway_plus,
          portal_ice_cave_entry_dragon
Vaults:1: nicolae_vaults_ring_of_whatevers, nicolae_vaults_circle_grid_b,
          special_room_vaults [special_room_orc],
          nicolae_vaults_little_squares_4, grunt_vaults_hallway_long,
          v_pattern_3, v_alt_pattern_4, vaults_room_pool,
          ontoclasm_vaults_tryst, vaults_room_fours, vaults_room_grid,
          nicolae_vaults_little_squares_1, v_misc_8, layout_vaults_ring,
          serial_shops, nicolae_shop_trees
Vaults:2: hangedman_vaults_maws, minmay_crypt_entry_nasty_monster,
          nicolae_vaults_network_star, nicolae_vaults_ring_of_whatevers,
          vaults_mumra_lcd, vaults_room_fours, nicolae_vaults_network_quincunx
          [nicolae_vaults_network_quincunx_subvault,
          nicolae_vaults_network_quincunx_subvault,
          nicolae_vaults_network_quincunx_subvault,
          nicolae_vaults_network_quincunx_subvault,
          nicolae_vaults_network_quincunx_subvault], v_misc_23,
          nicolae_vaults_little_squares_1, hangedman_vaults_nails,
          nicolae_vaults_sealed_display, layout_vaults_omnicross, serial_shops,
          bzr_entry_safe, nicolae_shop_temple_entry_statues_fountains, shop,
          shop, uniq_sojobo
Vaults:3: v_misc_29, st_octagons_2, v_alt_pattern_5, v_rooms_3,
          dpeg_vaults_monster_row, v_misc_27, v_misc_27,
          vaults_room_fancy_cross, layout_vaults_maze
Vaults:4: v_alt_pattern_6, grunt_vaults_bifocal, vaults_standard_mumra_x,
          hangedman_vaults_trim, nicolae_vaults_angled_halls,
          nicolae_vaults_network_quinsquares
          [nicolae_vaults_network_quincunx_subvault,
          nicolae_vaults_network_quincunx_subvault,
          nicolae_vaults_network_quincunx_subvault,
          nicolae_vaults_network_quincunx_subvault],
          ontoclasm_vaults_loading_screen, ontoclasm_vaults_bender,
          layout_vaults_omnibox
Crypt:1:  layout_catacombs, serial_glass, glass_columns_a, glass_columns_a,
          minmay_strange_pillars, feat_on_display, minmay_strange_pillars,
          basic_altar, serial_sigils_hangedman_shear, minivault_26
Crypt:2:  layout_gridlike, minmay_misc_feat_pillars, lemuel_nasty_fountain,
          grunt_megastairs_5, uniq_donald
Crypt:3:  church_of_pain_bobbens, layout_chaotic_city
Depths:1: layout_basic, pan_entry, hangedman_coc_ice_floe,
          serial_sigils_hangedman_scar, chequers_serial_rivers_micro_d,
          minmay_misc_feat_iff, nicolae_qazlal_general_emergency,
          serial_bayou_shore_a, serial_bayou_shore_b, grunt_megastairs_3
Depths:2: minmay_the_grid_square_5x5_3x3 [minmay_the_grid_square_5x5_trominoes,
          minmay_the_grid_square_5x5_almost_minimal,
          minmay_the_grid_square_5x5_hourglass, minmay_the_grid_square_5x5_comb,
          minmay_the_grid_square_5x5_megaprize_checkered,
          minmay_the_grid_square_5x5_checkered,
          minmay_the_grid_square_5x5_shuriken,
          minmay_the_grid_square_5x5_bridge,
          minmay_the_grid_square_5x5_spiral_small], layout_cave_shapes,
          kiku_gazebo_garden_becter, grunt_hell_entry_dis_old,
          rand_demon_pan_entry_7, door_vault, minmay_shop_star, uniq_nikola
Depths:3: minmay_strange_plus, layout_long_grid, enter_ziggurat_d,
          hangedman_abyss_or_decor_stabs, pf_vacation_house_of_asmodeus,
          hangedman_abyss_entry_splay, serial_shops, nicolae_take_the_stairs,
          serial_bayou_shore_b, infiniplex_staircase_spiral_double, uniq_mennas
Depths:4: evilmike_zot_entry_hall, layout_basic, glass_columns_a, hellmouth_1,
          fedhas_altar_3

Skill      XL: |  1  2  3  4  5  6  7  8  9 10 11 12 13 14 15 16 17 18 19 20 21 22 |
---------------+-------------------------------------------------------------------+-----
Stealth        | 1 2 |  2.0
Ranged Weapons | 4 5 6 7 9 10 11 13 14 16 17 18 | 18.0
Fighting       | 3 5 6 8 10 11 12 14 15 17 18 20 22 | 22.4
Dodging        | 3 5 7 10 12 13 14 15 16 18 19 21 23 | 23.2
Armour         | 3 5 8 |  8.5
Translocations | 7 8 9 10 11 | 11.0
Spellcasting   | 3 4 6 |  6.0
Shields        | 10 14 15 | 15.0

Action                     |  1- 3 |  4- 6 |  7- 9 | 10-12 | 13-15 | 16-18 | 19-21 | 22-24 || total
---------------------------+-------+-------+-------+-------+-------+-------+-------+-------++-------
   Fire: Shortbow          |   164 |   222 |   261 |    19 |       |       |       |       ||   666
         Sling             |       |       |     6 |       |       |       |       |       ||     6
         Arbalest          |       |       |       |   463 |  1034 |  1019 |       |       ||  2516
         Hand crossbow     |       |       |       |       |       |   304 |  1724 |   794 ||  2822
   Cast: Blink             |       |       |       |       |     1 |     4 |    25 |    10 ||    40
         Portal Projectile |       |       |       |       |       |       |     1 |     5 ||     6
  Evoke: Wand              |       |       |       |       |       |       |     1 |       ||     1
         Condenser vane    |       |       |       |       |       |       |     1 |       ||     1
    Use: Scroll            |       |     8 |     4 |    13 |     3 |    12 |     9 |     4 ||    53
         Potion            |       |     3 |     1 |     1 |       |       |     6 |     8 ||    19
 Armour: Leather armour    |    31 |    30 |    46 |       |       |       |       |       ||   107
         Ring mail         |       |       |    15 |    77 |   101 |   143 |   136 |    48 ||   520
         Skin              |       |       |       |       |       |       |       |    19 ||    19
  Dodge: Dodged            |    43 |    95 |    85 |   168 |   456 |   851 |  1137 |   562 ||  3397
         Repelled          |       |       |       |       |       |       |    12 |     5 ||    17
  Block: Buckler           |       |       |       |       |       |    68 |   105 |       ||   173
         Kite shield       |       |       |       |       |       |       |   788 |   656 ||  1444

Table legend: (Time is in decaauts)
 A = Elapsed time spent in this place.
 B = Non-inter-level travel time spent in this place.
 C = Inter-level travel time spent in this place.
 D = Time resting spent in this place.
 E = Time spent auto-exploring this place.
 F = Levels seen in this place.
 G = Mean time per level.
                   A        B        C        D        E       F      G
               +--------+--------+--------+--------+--------+-----+--------+
         Total |  69583 |  64483 |   5100 |  20225 |  30764 |  54 | 1288.6 |
       Dungeon |  20199 |  18462 |   1737 |   6243 |   8953 |  15 | 1346.6 |
          Lair |   8100 |   7319 |    781 |   1740 |   4258 |   5 | 1620.0 |
         Swamp |   4742 |   4463 |    279 |   1618 |   1937 |   4 | 1185.5 |
     Snake Pit |   6374 |   5977 |    397 |   1641 |   3318 |   4 | 1593.5 |
    Slime Pits |   1390 |   1373 |     17 |    906 |     75 |   5 |  278.0 |
  Orcish Mines |   2938 |   2593 |    345 |   1193 |    952 |   2 | 1469.0 |
   Elven Halls |   4431 |   4184 |    247 |   1267 |   2041 |   3 | 1477.0 |
        Vaults |   6790 |   6176 |    614 |   1218 |   3291 |   4 | 1697.5 |
         Crypt |   4822 |   4557 |    265 |   1194 |   2179 |   3 | 1607.3 |
        Depths |   5350 |   4935 |    415 |    975 |   2720 |   4 | 1337.5 |
        Bazaar |    288 |    288 |      0 |      0 |    128 |   2 |  144.0 |
         Sewer |   1280 |   1280 |      0 |    409 |    536 |   1 | 1280.0 |
        Bailey |   2107 |   2107 |      0 |   1507 |    261 |   1 | 2107.0 |
      Ice Cave |    767 |    767 |      0 |    311 |    112 |   1 |  767.0 |
               +--------+--------+--------+--------+--------+-----+--------+

Top non-repeatable levels by time:
    D:11: 3019 daAuts
  Lair:4: 2546 daAuts
Vaults:2: 2521 daAuts
   Orc:2: 2468 daAuts
  Lair:3: 2246 daAuts
     D:7: 2164 daAuts
  Bailey: 2107 daAuts
   Elf:3: 2089 daAuts
 Snake:3: 1977 daAuts
Depths:3: 1910 daAuts
 Crypt:2: 1807 daAuts
 Crypt:3: 1783 daAuts
 Snake:2: 1768 daAuts
 Swamp:4: 1759 daAuts
Vaults:1: 1649 daAuts
